Map: Acropolis LE

Players

Saiko

  • Race: Protoss Protoss
  • Spawn Location: 5:00

Scarlett - Winner!

  • Race: Zerg Zerg
  • Spawn Location: 11:00

Event: NationWars 2019

VOD

Have the link to the VOD?

Description

Time

  • Played on: Oct. 5, 2019, 11:44 a.m.
  • Length: 10:35
Show
View Real Time Build Order
Export as new Build Order

Saiko Protoss 

Build Orders: 1 Gate Expand 

Get SALT Encoding   

  12  0:00  Probe  
  13  0:13  Probe  
  14  0:21  Pylon  
  14  0:25  Probe  
  15  0:29  Assimilator  
  15  0:39  Probe (Chrono Boost)  
  16  0:47  Gateway  
  16  0:48  Probe (Chrono Boost)  
  17  0:53  Probe  
  18  1:05  Probe  
  19  1:17  Probe  
  20  1:24  Nexus  
  20  1:35  Cybernetics Core  
  20  1:36  Probe  
  21  1:43  Assimilator  
  21  1:49  Probe  
  21  1:51  Pylon  
  22  2:01  Probe  
  23  2:10  Adept (Chrono Boost)  
  23  2:13  Probe  
  26  2:17  Robotics Facility  
  26  2:19  Warp Gate  
  26  2:25  Probe (Chrono Boost)  
  27  2:32  Stalker  
  27  2:34  Probe (Chrono Boost)  
  30  2:39  Probe x2 (Chrono Boost)  
  32  2:50  Probe  
  33  2:51  Probe  
  34  3:01  Warp Prism (Chrono Boost)  
  34  3:03  Probe  
  34  3:05  Probe  
  38  3:06  Sentry  
  40  3:15  Probe  
  41  3:23  Probe, Gateway  
  42  3:27  Immortal (Chrono Boost)  
  46  3:38  Pylon  
  46  3:40  Gateway  
  46  3:46  Gateway  
  46  3:49  Gateway  
  46  3:56  Gateway  
  46  4:06  Gateway  
  46  4:09  Gateway  
  46  4:12  Probe  
  47  4:17  Pylon  
  47  4:18  Pylon  
  47  4:20  Pylon  
  47  4:21  Sentry x2  
  51  4:41  Sentry, Zealot  
  51  4:42  Zealot  
  51  4:43  Sentry  
  51  4:45  Zealot  
  61  4:47  Pylon  
  61  4:55  Zealot  
  57  5:08  Zealot  
  57  5:09  Zealot x3  
  45  5:16  Probe x2  
  47  5:22  Immortal (Chrono Boost)  
  51  5:29  Shield Battery x2  
  51  5:30  Adept x2, Zealot, Pylon  
  57  5:36  Adept  
  57  5:38  Probe x2  
  57  5:40  Assimilator  
  57  5:42  Assimilator  
  61  5:47  Adept, Shield Battery  
  61  5:48  Pylon  
  61  5:49  Shield Battery  
  63  5:52  Zealot x2  
  63  5:53  Zealot x2  
  67  6:06  Zealot  
  66  6:15  Shield Battery  
  66  6:16  Pylon, Sentry, Zealot  
  66  6:18  Sentry  
  68  6:23  Zealot x2  
  70  6:36  Zealot x2  
  70  6:38  Sentry  
  70  6:39  Pylon  
  76  6:41  Probe x2  
  78  6:56  Probe  
  78  7:01  Adept x3, Zealot  
  81  7:04  Pylon  
  82  7:14  Sentry  
  84  7:24  Zealot x3  
  84  7:28  Sentry  
  92  7:41  Zealot  
  92  7:49  Gateway  
  88  7:55  Zealot x2  
  91  7:59  Immortal (Chrono Boost)  
  93  8:11  Pylon  
  89  8:22  Robotics Bay  
  89  8:25  Probe x2 (Chrono Boost)  
  93  8:34  Pylon  
  93  8:35  Probe x2 (Chrono Boost)  
  93  8:38  Robotics Facility  
  93  8:40  Probe (Chrono Boost)  
  93  8:45  Zealot  
  93  8:46  Zealot  
  98  8:52  Probe  
  98  8:53  Probe  
  94  8:58  Stalker  
  94  9:02  Stalker x2  
  91  9:13  Stalker  
  92  9:24  Warp Prism (Chrono Boost)  
  89  9:30  Stalker  
Show
View Real Time Build Order
Export as new Build Order

Scarlett Zerg - Winner!

Build Orders: Hatch First 

Get SALT Encoding   

  12  0:00  Drone  
  13  0:12  Overlord  
  13  0:16  Drone  
  14  0:30  Drone x2  
  16  0:47  Hatchery  
  15  0:51  Drone  
  15  0:54  Drone  
  17  0:57  Drone  
  18  1:08  Extractor  
  17  1:13  Spawning Pool  
  17  1:16  Drone  
  17  1:19  Drone  
  18  1:27  Drone  
  19  1:40  Drone  
  19  1:45  Hatchery  
  19  1:49  Drone  
  20  2:00  Drone x2  
  22  2:03  Queen  
  24  2:12  Queen  
  26  2:18  Overlord  
  26  2:20  Drone  
  27  2:23  Drone  
  27  2:29  Metabolic Boost  
  28  2:36  Zergling x4  
  30  2:40  Drone  
  30  2:43  Drone x2  
  33  2:46  Queen  
  35  2:52  Drone  
  36  3:00  Queen, Overlord  
  36  3:05  Drone x2  
  40  3:07  Drone  
  41  3:16  Drone  
  42  3:20  Overlord  
  42  3:24  Drone x3  
  47  3:33  Drone x3  
  50  3:35  Overlord  
  50  3:39  Lair  
  50  3:45  Roach Warren  
  50  3:47  Drone x4  
  51  3:54  Overlord  
  51  3:55  Extractor  
  50  3:56  Drone, Extractor x2  
  50  3:57  Drone x2  
  50  3:58  Drone  
  50  4:02  Drone x2  
  54  4:05  Overlord  
  54  4:08  Drone x2  
  56  4:10  Drone  
  56  4:11  Drone  
  56  4:14  Overlord  
  56  4:16  Zergling x2  
  56  4:17  Zergling x2  
  60  4:27  Roach x4, Overlord  
  68  4:33  Roach x2  
  72  4:43  Zergling x14  
  77  4:47  Zergling x6  
  77  4:50  Ravager  
  81  4:56  Ravager  
  81  4:57  Zergling x4  
  82  5:03  Zergling x2  
  82  5:06  Overlord  
  79  5:07  Zergling x6  
  79  5:12  Zergling x2  
  79  5:13  Zergling x4, Overlord  
  81  5:19  Overlord x2  
  81  5:22  Ravager  
  81  5:23  Overlord  
  81  5:24  Queen  
  84  5:32  Zergling x12  
  84  5:33  Ravager x3  
  93  5:44  Zergling x6  
  96  5:51  Zergling x2  
  96  5:52  Zergling x4  
  94  6:01  Zergling x14  
  89  6:12  Queen  
  89  6:16  Zergling x8  
  89  6:17  Roach  
  89  6:24  Spire  
  87  6:26  Roach x5  
  87  6:32  Drone x3  
  98  6:40  Drone x3  
  98  6:43  Ravager  
  98  7:01  Drone x3  
  98  7:02  Drone x3  
  98  7:03  Roach x3  
  105  7:08  Zergling x4  
  105  7:11  Roach  
  107  7:16  Zergling x8  
  111  7:23  Zergling x10  
  116  7:31  Overlord  
  116  7:32  Overlord  
  116  7:33  Ravager x6  
  116  7:34  Overlord  
  119  7:45  Zergling x6  
  119  7:49  Overlord  
  121  7:56  Zergling x16  
  129  7:59  Extractor  
  129  8:00  Extractor  
  129  8:01  Mutalisk x4  
  129  8:04  Drone  
  129  8:10  Hatchery  
  129  8:12  Drone x2  
  129  8:13  Drone x2  
  129  8:14  Drone  
  129  8:15  Mutalisk  
  134  8:20  Mutalisk  
  134  8:24  Mutalisk x2  
  134  8:26  Queen  
  142  8:32  Mutalisk x3  
  148  8:35  Zergling x8  
  152  8:48  Zergling x4  
  152  8:53  Drone, Queen  
  146  8:55  Zergling x6  
  146  8:56  Zergling x4  
  149  9:09  Zergling x10  
  153  9:23  Overlord x4  
  153  9:29  Ravager x3  
  156  9:37  Zergling x2  
  156  9:38  Zergling x6  
  160  9:42  Evolution Chamber  
  155  9:46  Zergling x10  
  155  9:47  Zergling x10  
Tags
 
Add a new tag
Caveats
  • Supply blocks, unpowered buildings, or Contaminate may cause inaccurate times.
  • Supply counts are checked every 10 seconds.